 Dungeon Sprint DCSS version 0.20.1-1-g8b1a95d (webtiles) character file.

629 mopl the Summoner (level 7, -2/60 HPs)
             Began as a Deep Elf Summoner on July 17, 2019.
             Was a Believer of Sif Muna.
             Slain by a centaur warrior (9 damage)
             ... in the Dungeon (Sprint I: "Red Sonja").
             The game lasted 00:05:53 (696 turns).

mopl the Summoner (Deep Elf Summoner)                Turns: 696, Time: 00:05:55

Health: -2/60      AC:  4    Str: 10    XL:     7   Next: 23%
Magic:  2/23       EV: 15    Int: 22    God:    Sif Muna [**....]
Gold:   480        SH:  0    Dex: 15    Spells: 11/28 levels left

rFire    . . .     SeeInvis +   (no weapon)
rCold    + . .     Gourm    .   (no shield)
rNeg     . . .     Faith    .   a - +0 robe
rPois    .         Spirit   .   l - +1 helmet {SInv}
rElec    .         Reflect  .   (no cloak)
rCorr    .         Harm     .   (no gloves)
MR       .....     NoTele   +   (no boots)
Stlth    ..........             (no amulet)
Regen    0.2/turn               e - +2 ring of evasion
MPRegen  0.2/turn               j - ring of protection from cold

@: berserking (expiring), divine energy, slow
A: no striking features
a: Stop Divine Energy, Renounce Religion


You were in the Dungeon.
You worshipped Sif Muna.
Sif Muna was pleased with you.
You were not hungry.

You visited 1 branch You collected 711 gold pieces.
You spent 231 gold pieces at shops.

Inventory:

Armour
 a - a +0 robe (worn)
 l - a +1 helmet of see invisible (worn)
Jewellery
 e - a +2 ring of evasion (left hand)
 j - a ring of protection from cold (right hand)
Scrolls
 i - a scroll of blinking
 k - 2 scrolls of remove curse {unknown}
Potions
 d - 5 potions of curing
 f - a potion of haste
 g - a potion of magic
Books
 b - a book of Callings

   Spells                             Type                      Level
   a - Summon Small Mammal            Summoning                    1
   b - Call Imp                       Summoning                    2
   c - Call Canine Familiar           Summoning                    3
   d - Summon Guardian Golem          Hexes/Summoning              3
   e - Summon Lightning Spire         Summoning/Air                4
   f - Summon Ice Beast               Ice/Summoning                4
Comestibles
 c - a bread ration


   Skills:
 + Level 2.8 Fighting
 - Level 2.6 Dodging
 - Level 2.8 Stealth
 * Level 11.3 Spellcasting
 - Level 3.5 Hexes
 * Level 11.4 Summonings
 + Level 4.6 Ice Magic
 + Level 4.3 Air Magic
 + Level 3.8 Invocations


You had 11 spell levels left.
You knew the following spells:

 Your Spells              Type           Power        Failure   Level  Hunger
a - Summon Small Mammal   Summ           ####         1%          1    None
b - Call Imp              Summ           ######..     1%          2    None
c - Call Canine Familiar  Summ           ######..     1%          3    None
d - Summon Ice Beast      Ice/Summ       #####...     1%          4    #......
f - Summon Lightning Spi  Summ/Air       #####...     1%          4    #......
g - Summon Guardian Gole  Hex/Summ       #####...     1%          3    None


Dungeon Overview and Level Annotations

Branches:
Dungeon (1/1)

Altars:
Cheibriados
Dithmenos
Elyvilon
Fedhas
Gozag
Hepliaklqana
Kikubaaqudgha
Nemelex Xobeh
Okawaru
Qazlal
Ru
Sif Muna
Trog
Uskayaw
Vehumet
Yredelemnul
Zin
The Shining One

Shops:
D :[


Message History

The centaur warrior shoots an arrow.
The arrow hits your ice beast!
You hear a splash.
The centaur warrior hits your ice beast but does no damage.
You feel a strong urge to attack something.
The centaur warrior shoots an arrow.
The arrow hits your ice beast!
Your ice beast dies!
You hear a splash.
The centaur warrior hits you!
* * * LOW HITPOINT WARNING * * *
Unknown command.
You hit the centaur warrior.
The centaur warrior is severely wounded.
The centaur warrior misses you.
You hit the centaur warrior.
The centaur warrior is severely wounded.
The centaur warrior unwields an uncursed shortbow.
The centaur warrior hits you.
* * * LOW HITPOINT WARNING * * *
The centaur warrior hits you!
You die...

##############
.#..').#..'.8#
.'..#..)..#..+
[#####'#####'# ###
.####..#...#Y####§%#
.#__####..##.#§§@..#
.#_____##'#..+§§cc§+
⌠#_.∩...÷..._#§§§§§#
##_..__##_.#'##§####
#_____###'#.#).§)###
#########.####'###.##
+...'.....')∩#
#...##########
###.###


You could see 2 centaur warriors.

Vanquished Creatures (collateral kills)
  A deep troll (D)
  Sigmund (D)
  A yak (D)
  An ogre (D)
  A jelly (D)
  Ijyb (D)
  5 ballistomycetes (D)
11 creatures vanquished.

Vanquished Creatures (others)
  Sonja (D)
  2 ballistomycete spores (D)
3 creatures vanquished.

Grand Total: 14 creatures vanquished

Notes
Turn   | Place    | Note
-------+----------+-------------------------------------------
     0 | D        | mopl the Deep Elf Summoner began the quest for the Orb.
     0 | D        | Reached XP level 1. HP: 10/10 MP: 6/6
     1 | D        | Noticed Ijyb
    50 | D        | Killed Ijyb
    50 | D        | Reached skill level 6 in Summonings
    50 | D        | Reached XP level 2. HP: 15/15 MP: 1/8
   110 | D        | Learned a level 2 spell: Call Imp
   114 | D        | Noticed an ogre
   127 | D        | Killed an ogre
   127 | D        | Reached skill level 5 in Spellcasting
   127 | D        | Reached skill level 8 in Summonings
   127 | D        | Reached XP level 3. HP: 19/19 MP: 1/12
   216 | D        | Learned a level 3 spell: Call Canine Familiar
   220 | D        | Learned a level 3 spell: Summon Guardian Golem
   220 | D        | Noticed Sigmund
   225 | D        | Killed Sigmund
   225 | D        | Reached skill level 7 in Spellcasting
   225 | D        | Reached skill level 3 in Hexes
   225 | D        | Reached skill level 9 in Summonings
   225 | D        | Reached XP level 4. HP: 24/24 MP: 4/15
   233 | D        | Learned a level 4 spell: Summon Ice Beast
   238 | D        | Learned a level 4 spell: Summon Lightning Spire
   312 | D        | Found a deep blue altar of Sif Muna.
   314 | D        | Found a radiant altar of Vehumet.
   321 | D        | Reached skill level 8 in Spellcasting
   321 | D        | Reached XP level 5. HP: 28/28 MP: 11/17
   325 | D        | Found Dydiofetz's Book Emporium.
   325 | D        | Found an ancient bone altar of Kikubaaqudgha.
   325 | D        | Found a hazy altar of Hepliaklqana.
   325 | D        | Found a stormy altar of Qazlal.
   325 | D        | Found a hide-covered altar of Uskayaw.
   325 | D        | Found a blossoming altar of Fedhas.
   325 | D        | Found a bloodstained altar of Trog.
   325 | D        | Found an iron altar of Okawaru.
   325 | D        | Found a basalt altar of Yredelemnul.
   325 | D        | Found a glowing golden altar of the Shining One.
   325 | D        | Found a snail-covered altar of Cheibriados.
   325 | D        | Found a sacrificial altar of Ru.
   325 | D        | Found a glowing silver altar of Zin.
   325 | D        | Found a shadowy altar of Dithmenos.
   325 | D        | Found a white marble altar of Elyvilon.
   325 | D        | Noticed a yak
   334 | D        | Killed a yak
   334 | D        | Reached skill level 9 in Spellcasting
   334 | D        | Reached skill level 10 in Summonings
   334 | D        | Reached skill level 2 in Ice Magic
   334 | D        | Reached skill level 2 in Air Magic
   338 | D        | Found an opulent altar of Gozag.
   353 | D        | Found a sparkling altar of Nemelex Xobeh.
   370 | D        | Became a worshipper of Sif Muna the Loreminder
   374 | D        | Noticed Sonja
   385 | D        | Killed Sonja
   385 | D        | Reached * piety under Sif Muna
   385 | D        | Reached skill level 1 in Fighting
   385 | D        | Reached skill level 10 in Spellcasting
   385 | D        | Reached skill level 3 in Ice Magic
   385 | D        | Reached skill level 3 in Air Magic
   385 | D        | Reached skill level 2 in Invocations
   385 | D        | Reached XP level 6. HP: 35/35 MP: 6/21
   494 | D        | Noticed a deep troll
   529 | D        | Killed a deep troll
   529 | D        | Reached ** piety under Sif Muna
   529 | D        | Reached skill level 2 in Fighting
   529 | D        | Reached skill level 11 in Spellcasting
   529 | D        | Reached skill level 11 in Summonings
   529 | D        | Reached skill level 4 in Ice Magic
   529 | D        | Reached skill level 4 in Air Magic
   529 | D        | Reached skill level 3 in Invocations
   529 | D        | Reached XP level 7. HP: 38/40 MP: 3/23
   563 | D        | Found Leps's Armour Emporium.
   570 | D        | Bought a +1 helmet of see invisible for 231 gold pieces
   659 | D        | Noticed a centaur warrior
   682 | D        | Noticed a centaur warrior
   696 | D        | Slain by a centaur warrior

Skill      XL: |  1  2  3  4  5  6 |
---------------+-------------------+-----
Summonings     | 6 8 9 10 11 | 11.4
Spellcasting   | 5 7 8 10 11 | 11.3
Hexes          | 3 |  3.5
Ice Magic      | 3 4 |  4.6
Air Magic      | 3 4 |  4.3
Fighting       | 1 2 |  2.8
Invocations    | 2 3 |  3.8
Dodging        | |  2.6
Stealth        | |  2.8

Action                   |  1- 3 |  4- 6 |  7- 9 || total
-------------------------+-------+-------+-------++-------
Melee: Unarmed           |       |    18 |     2 ||    20
 Cast: Summon Small Mamm |     9 |       |       ||     9
       Call Imp          |     5 |     1 |     1 ||     7
       Call Canine Famil |     1 |     2 |     1 ||     4
       Summon Guardian G |     1 |     1 |       ||     2
       Summon Ice Beast  |       |    13 |     3 ||    16
       Summon Lightning  |       |     1 |     3 ||     4
Invok: Divine Energy     |       |     1 |       ||     1
  Use: Potion            |       |     2 |     1 ||     3
Armor: Robe              |     1 |       |       ||     1
Dodge: Dodged            |       |     1 |     3 ||     4
